Unix NetHack Version 5.0.0-0 post-release - last build Jun 10 2026 00:39:30 (3ee93aec679c4c4259841fe613dc97188e26a321,branch:main).

Game began 2026-07-06 06:13:12, ended 2026-07-06 07:49:51.

JohnDarcy, neutral male human Tourist

                            -------     -------
                            |.....|--   |..|.>|
                            |.....+.|   |.....|
                          --|.....|-|   |.--.---
                          |.+.....+.|  --.|....----
                          |.|.....|-| --..|.......|
                          |.|.....+.| |.``|---....|
                          |.|.....|-- |...|..|....|
                          |.|------   |...|......`|
                          |.|        --`.....|...`--
                          |.|        |.``.|..|...`.|
                          |.|        |..`.|--|.....|
                          |.|        |...--  --.|..|
                          |.|        -----    |.----
                          |.-------------------..|
                          |.^^^^^^......@M).f.^..|
                          ------------------------

JohnDarcy the Excursionist  St:16 Dx:12 Co:15 In:13 Wi:11 Ch:17  Neutral
Dlvl:5  $:1012 HP:0(53) Pw:28(28) AC:0  Xp:7 T:5056 

Latest messages:
 You read: "Elbereth".
 You see no objects here.
 The housecat picks up a +2 dart.
 You see here a +2 dart.
 a - a +2 dart (at the ready) (9 in total).
 Something is written here in the dust.
 You read: "[ beret?".
 You see here a +2 dart.
 a - a +2 dart (at the ready) (10 in total).
 Something is written here in the dust.
 You read: "? bcret?".
 With great effort you move the boulder.
 The boulder suddenly rolls away from you!
 You hear a boulder fall.
 With great effort you move the boulder.
 With great effort you move the boulder.
 The boulder suddenly rolls away from you!
 You hear a boulder fall.
 Lurch bites the giant mummy.
 The giant mummy misses Lurch.
 The giant mummy hits Lurch.
 You swap places with your housecat.
 Click!  You trigger a rolling boulder trap!
 No boulder was released.
 Click!  The giant mummy triggers a rolling boulder trap.
 What do you want to throw? [$as or ?*] a
 In what direction? 6
 The dart hits the giant mummy.
 What do you want to throw? [$as or ?*] a
 In what direction? 6
 The dart hits the giant mummy.
 The giant mummy hits!
 The giant mummy hits again!
 The giant mummy knocks you backward with a forceful blow!
 What do you want to throw? [$as or ?*] a
 In what direction? 6
 The dart hits the giant mummy.
 The giant mummy hits!
 The giant mummy hits again!
 What do you want to throw? [$as or ?*] a
 In what direction? 6
 The dart hits the giant mummy.
 The giant mummy hits!
 The giant mummy hits again!
 What do you want to throw? [$as or ?*] a
 In what direction? 6
 The dart hits the giant mummy!
 The giant mummy hits!
 You die...
 Do you want your possessions identified? [ynq] (y) q

Inventory:
 Coins    ('$')
  $ - 1012 gold pieces
 Weapons  (')')
  a - 5 +2 darts (at the ready)
  s - a +3 aklys
 Armor    ('[')
  U - a blessed +1 pair of iron shoes (being worn)
  p - an uncursed +0 elven shield (being worn)
  j - an uncursed +0 Hawaiian shirt with a jellyfish motif (being worn)
  B - an uncursed +0 elven mithril-coat (being worn)
 Comestibles  ('%')
  C - 3 uncursed Pineapples
  b - 6 uncursed food rations
  f - 2 uncursed fortune cookies
  e - 3 uncursed lembas wafers
  i - an uncursed orange
  q - an uncursed lichen corpse
 Scrolls  ('?')
  E - 2 blessed scrolls of blank paper
  F - an uncursed scroll of blank paper
  G - a cursed scroll of blank paper
  r - an uncursed scroll of destroy armor
  P - 2 uncursed scrolls of earth
  h - 3 uncursed scrolls of magic mapping
  o - an uncursed scroll of stinking cloud
  x - an uncursed scroll of teleportation
 Potions  ('!')
  D - 6 uncursed potions of healing
  m - an uncursed potion of water
 Rings    ('=')
  K - an uncursed +2 ring of gain strength (on right hand)
  Z - a cursed -1 ring of increase damage
  O - a cursed ring of polymorph
  v - an uncursed ring of slow digestion (on left hand)
  H - an uncursed ring of warning
 Wands    ('/')
  N - a wand of digging (0:5)
  u - a wand of fire (0:0)
  t - a cursed wand of light (0:12)
  d - a wand of polymorph (0:5)
  w - a wand of probing (0:5)
  y - a wand of probing (0:5)
  L - a wand of secret door detection (0:12)
 Tools    ('(')
  l - an uncursed credit card
  c - an expensive camera (0:70)
  J - an uncursed magic whistle
  z - an uncursed oil lamp

JohnDarcy the Tourist's attributes:

Background:
 You were an Excursionist, a level 7 male human Tourist.
 You were neutral, on a mission for The Lady
 who was opposed by Blind Io (lawful) and Offler (chaotic).
 You were right-handed.
 You were in Sokoban, on level 5.
 You entered the dungeon 5056 turns ago.
 You had 1234 experience points, 46 more were needed to attain level 8.

Basics:
 You had 0 out of 53 hit points.
 You had all 28 energy points (spell power).
 Your armor class was 0.
 Your wallet contained 1012 zorkmids.
 Autopickup was off.

Final Characteristics:
 Your strength was 16 (base:14, limit:18/100).
 Your dexterity was 12 (peak:13, limit:18).
 Your constitution was 15 (limit:18).
 Your intelligence was 13 (limit:18).
 Your wisdom was 11 (limit:18).
 Your charisma was 17 (limit:18).

Final Status:
 You weren't hungry.
 You were unencumbered.
 You were bare handed.
 You were unskilled in bare handed combat.

Final Attributes:
 You were piously aligned.
 You had slower digestion.
 You were guarded.
 You are dead.

Miscellaneous:
 You didn't encounter any bones levels.
 Total elapsed playing time was 1 hour, 36 minutes and 38 seconds.

Major events:
 Turn
    1: JohnDarcy the neutral male human Tourist entered the dungeon
 1494: attained the rank of Sightseer (level 3)
 2672: entered Sokoban
 2990: completed 1st Sokoban level
 3274: attained the rank of Excursionist (level 6)
 3940: completed 2nd Sokoban level
 4381: completed 3rd Sokoban level
 5056: killed by a giant mummy

You didn't know any spells.

Skills:
 Fighting Skills
   bare handed combat [Unskilled]
   two weapon combat  [Unskilled]
   riding             [Unskilled]
 Weapon Skills
   dagger             [Unskilled]
   knife              [Unskilled]
   axe                [Unskilled]
   pick-axe           [Unskilled]
   short sword        [Unskilled]
   broadsword         [Unskilled]
   long sword         [Unskilled]
   two-handed sword   [Unskilled]
   saber              [Unskilled]
   mace               [Unskilled]
   morning star       [Unskilled]
   flail              [Unskilled]
   hammer             [Unskilled]
   quarterstaff       [Unskilled]
   polearms           [Unskilled]
   spear              [Unskilled]
   trident            [Unskilled]
   lance              [Unskilled]
   bow                [Unskilled]
   sling              [Unskilled]
   crossbow           [Unskilled]
   dart               [Basic]
   shuriken           [Unskilled]
   boomerang          [Unskilled]
   whip               [Unskilled]
   unicorn horn       [Unskilled]
 Spellcasting Skills
   divination spells  [Unskilled]
   enchantment spells [Unskilled]
   escape spells      [Unskilled]

Voluntary challenges:
 Character rerolling was not enabled.
 You followed a strict vegan diet.
 You never hit with a wielded weapon.
 You never genocided any monsters.
 You never polymorphed an object.
 You never changed form.
 You used no wishes.
 You did not violate any of the special Sokoban rules.
Achievements:
 You entered a shop.
 You attained the rank of Sightseer.
 You entered Sokoban.
 You attained the rank of Excursionist.

 The Dungeons of Doom: levels 1 to 9
    Level 1:
       A fountain.
    Level 2:
       A potion shop, some fountains.
    Level 3:
       A fountain.
    Level 4:
    Level 5:
    Level 6:
       A fountain.
    Level 7:
       A grave.
    Level 8:
    Level 9:
       A fountain.
       Stairs up to Sokoban, level 8.
 Sokoban: levels 8 up to 5
    Level 5: <- You were here.
       Unsolved.
       Final resting place for
          you, killed by a giant mummy.
    Level 6:
       Solved.
    Level 7:
       Solved.
    Level 8:
       Solved.


Vanquished creatures:
  a giant mimic
  a giant zombie
  a wraith
  a chameleon
  2 quivering blobs
  2 cockatrices
  a gnome ruler
  a yeti
  a raven
  2 snakes
  a rope golem
  5 Uruk-hai
  2 shriekers
  a gnome leader
  a paper golem
  2 giant ants
  2 floating eyes
  a homunculus
  a rabid rat
 an iguana
  a killer bee
 an acid blob
  a gas spore
  2 hobbits
  5 giant rats
  2 yellow molds
  3 green molds
  a gecko
  2 jackals
  2 foxes
  2 kobolds
  a goblin
  2 sewer rats
  6 grid bugs
  a bat
  7 lichens
  a kobold zombie
  5 newts
75 creatures vanquished.

No species were genocided or became extinct.

Game over:
                       ----------
                      /          \
                     /    REST    \
                    /      IN      \
                   /     PEACE      \
                  /                  \
                  |    JohnDarcy     |
                  |     1012 Au      |
                  |   killed by a    |
                  |   giant mummy    |
                  |                  |
                  |                  |
                  |       2026       |
                 *|     *  *  *      | *
        _________)/\\_//(\/(/\)/\//\/|_)_______

Aloha JohnDarcy the Tourist...

You died in Sokoban on dungeon level 5 with 5684 points,
and 1012 pieces of gold, after 5056 moves.
You were level 7 with a maximum of 53 hit points when you died.

